 Dungeon Crawl Stone Soup version 0.19.3-4-gbf9329e (webtiles) character file.

333 JeffiDaFish the Ducker (level 6, -3/46 HPs)
             Began as a Demonspawn Transmuter on Jan 30, 2017.
             Slain by a hornet zombie (12 damage)
             ... on level 6 of the Dungeon.
             The game lasted 00:11:30 (3629 turns).

JeffiDaFish the Ducker (Demonspawn Transmuter)      Turns: 3629, Time: 00:11:30

Health: -3/46      AC:  8    Str: 11    XL:     6   Next: 27%
Magic:  6/10       EV: 14    Int: 15    God:
Gold:   177        SH:  0    Dex: 18    Spells: 2 memorised, 7 levels left

rFire  . . .     SeeInvis .     r - +0 war axe
rCold  . . .     Gourm    .     j - +2 leather armour
rNeg   . . .     Faith    .     (no shield)
rPois  .         Spirit   .     (no helmet)
rElec  .         Reflect  .     (no cloak)
rCorr  .         Harm     .     (no gloves)
MR     .....                    k - +2 pair of boots
Stlth  ++........               (no amulet)
                                b - ring of flight
                                e - +1 ring of evasion

@: no status effects
A: thin skeletal structure 2, powered by death 2, powered by pain 1
a: Evoke Flight


You were on level 6 of the Dungeon.
You were not hungry.

You visited 1 branch of the dungeon, and saw 5 of its levels.

You collected 177 gold pieces.

Inventory:

Hand Weapons
 r - a +0 war axe (weapon)
Missiles
 a - 50 arrows
 l - 68 bolts
Armour
 j - a +2 leather armour (worn)
 k - a +2 pair of boots (worn)
Jewellery
 b - a ring of flight (right hand)
 e - a +1 ring of evasion (left hand)
 v - an uncursed ring of magical power
Scrolls
 g - 3 scrolls of magic mapping
 h - 2 scrolls of remove curse
 i - 3 scrolls of identify
Potions
 n - 3 potions of haste
 o - a potion of brilliance
 s - a potion of curing
 w - a potion of might
Books
 c - a book of Changes

   Spells                             Type                      Level
   a - Beastly Appendage              Transmutation                1
   b - Sticks to Snakes               Transmutation                2
   c - Spider Form                    Transmutation/Poison         3
   d - Ice Form                       Ice/Transmutation            4
   e - Blade Hands                    Transmutation                5
 u - a book of Cantrips

   Spells                             Type                      Level
   a - Confusing Touch                Hexes                        1
   b - Animate Skeleton               Necromancy                   1
   c - Summon Small Mammal            Summoning                    1
   d - Apportation                    Translocation                1
 x - a book of Necromancy

   Spells                             Type                      Level
   a - Pain                           Necromancy                   1
   b - Animate Skeleton               Necromancy                   1
   c - Vampiric Draining              Necromancy                   3
   d - Regeneration                   Charms/Necromancy            3
   e - Animate Dead                   Necromancy                   4
   f - Control Undead                 Necromancy                   4
Comestibles
 d - 2 bread rations
 f - 5 meat rations
 p - a slice of pizza
 q - a beef jerky
 t - 7 fruits


   Skills:
 + Level 2.9 Fighting
 + Level 2.6 Axes
 + Level 3.2 Dodging
 - Level 2.6 Unarmed Combat
 + Level 2.9 Spellcasting
 + Level 3.0 Transmutations


You had 7 spell levels left.
You knew the following spells:

 Your Spells              Type           Power        Failure   Level  Hunger
a - Beastly Appendage     Tmut           ##....       10%         1    #......
b - Sticks to Snakes      Tmut           ##......     14%         2    ##.....


Dungeon Overview and Level Annotations

Branches:
Dungeon (4/15)
 Temple: D:4-7

Altars:
Ru
Uskayaw
Yredelemnul
The Shining One


Innate Abilities, Weirdness & Mutations

You have a moderately thin skeletal structure. (Dex +4, Stealth+)
You regenerate health from kills.
You sometimes gain a little power by taking damage.


Message History

The black bear bites you.
* * * LOW HITPOINT WARNING * * *
The black bear closely misses you. x2; The hornet zombie misses you.
The black bear goes berserk!
You are too injured to fight recklessly!
Unknown command.
You are too injured to fight recklessly!
You are too injured to fight recklessly!
Unknown command.
You hit the black bear.
You kill the black bear!
You feel your dexterity returning.
Your Transmutations skill increases to level 3!
You have reached level 6!
Your experience leads to an increase in your attributes!
Increase (S)trength, (I)ntelligence, or (D)exterity?
You feel stronger.
Your demonic ancestry asserts itself...
You feel energised by your suffering.
You hit the hornet zombie. The hornet zombie hits you!
You die...

#.##....# .#
#.......# ... #..:# #
#... ######.# #. ....
#..#...# ##..
#..#..#...# .....
#..'......#
#.....#########.....#
#.....@..#_.)......#
#.[#.Z#..#..#..#..##
#..#.....#..#..#
#######.....#######
#..#...........#..#
#......#####......#
######## ########


You could see a hornet zombie.

Vanquished Creatures
  A black bear (D:6)
  An orc wizard (D:4)
  An iguana (D:3)
  2 adders
  2 adder zombies
  2 worms
  A dart slug (D:3)
  2 leopard geckos
  10 orcs
  9 bats
  3 giant cockroaches
  4 goblins
  10 hobgoblins
  4 jackals (D:2)
  8 kobolds
  A ball python zombie (D:3)
  3 frilled lizards
  A quokka zombie (D:3)
  12 rats
77 creatures vanquished.

Vanquished Creatures (collateral kills)
  An ogre (D:6)
  An adder (D:2)
  3 orcs
  A quokka (D:3)
  A leopard gecko skeleton (D:3)
7 creatures vanquished.

Grand Total: 84 creatures vanquished

Notes
Turn   | Place    | Note
-------+----------+-------------------------------------------
     0 | D:1      | JeffiDaFish the Demonspawn Transmuter began the quest for the Orb.
     0 | D:1      | Reached XP level 1. HP: 15/15 MP: 3/3
   353 | D:1      | Gained mutation: You have a somewhat thin skeletal structure. (Dex +2, Stealth) [demonic ancestry]
   353 | D:1      | Reached XP level 2. HP: 21/21 MP: 5/5
   357 | D:1      | Learned a level 2 spell: Sticks to Snakes
   497 | D:1      | Reached skill level 1 in Axes
  1320 | D:2      | Gained mutation: You regenerate a little health from kills. [demonic ancestry]
  1320 | D:2      | Reached XP level 3. HP: 21/27 MP: 2/6
  1642 | D:2      | Found a basalt altar of Yredelemnul.
  2216 | D:2      | Found a glowing golden altar of the Shining One.
  2340 | D:3      | Gained mutation: You have a moderately thin skeletal structure. (Dex +4, Stealth+) [demonic ancestry]
  2340 | D:3      | Reached XP level 4. HP: 33/33 MP: 7/7
  2895 | D:3      | Found a hide-covered altar of Uskayaw.
  3202 | D:3      | Gained mutation: You regenerate health from kills. [demonic ancestry]
  3202 | D:3      | Reached XP level 5. HP: 39/39 MP: 8/8
  3553 | D:4      | You fall through a shaft for 2 floors!
  3571 | D:6      | Noticed an ogre
  3582 | D:6      | Found a sacrificial altar of Ru.
  3591 | D:6      | Killed an ogre
  3621 | D:6      | Noticed a black bear
  3629 | D:6      | Killed a black bear
  3629 | D:6      | Gained mutation: You sometimes gain a little power by taking damage. [demonic ancestry]
  3629 | D:6      | Reached XP level 6. HP: 8/46 MP: 6/10
  3629 | D:6      | Slain by a hornet zombie

Skill      XL: |  1  2  3  4  5 |
---------------+----------------+-----
Axes           | 1 2 |  2.6
Dodging        | 2 3 |  3.2
Transmutations | 2 3 |  3.0
Fighting       | 2 |  2.9
Unarmed Combat | |  2.6
Spellcasting   | |  2.9

Action                   |  1- 3 |  4- 6 || total
-------------------------+-------+-------++-------
Melee: Hand axe          |   168 |    26 ||   194
       Punch             |     1 |     1 ||     2
       War axe           |       |   113 ||   113
 Cast: Sticks to Snakes  |     6 |    19 ||    25
       Beastly Appendage |     1 |       ||     1
  Use: Scroll            |     8 |     3 ||    11
       Potion            |    10 |       ||    10
 Stab: Sleeping          |     2 |     2 ||     4
       Invisible         |     1 |       ||     1
       Distracted        |       |     1 ||     1
  Eat: Chunk             |     6 |     5 ||    11
Armor: Leather armour    |    67 |    60 ||   127
Dodge: Dodged            |   153 |   112 ||   265
